 Dungeon Sprint DCSS version 0.23.0-2-g0fe3ce5 (webtiles) character file.

Game seed: 3080002611257744304

924 nuthulu the Martial Artist (level 8, -2/65 HPs)
             Began as a Gnoll Transmuter on Feb 19, 2019.
             Was an Initiate of Vehumet.
             Slain by a shadow (30 damage)
             ... in the Dungeon (Sprint III: "The Ten Rune Challenge").
             The game lasted 00:04:32 (755 turns).

nuthulu the Martial Artist (Gnoll Transmuter)        Turns: 755, Time: 00:04:33

Health: -2/65      AC: -2    Str: 15    XL:     8   Next: 10%
Magic:  19/21      EV: 29    Int: 16    God:    Vehumet [......]
Gold:   21         SH:  0    Dex: 18    Spells: 10/22 levels left

rFire    . . .     SeeInvis .     - Unarmed
rCold    . . .     Gourm    .   (shield currently unavailable)
rNeg     . . .     Faith    .   (armour currently unavailable)
rPois    x         Spirit   .   (helmet currently unavailable)
rElec    .         Reflect  .   (cloak currently unavailable)
rCorr    .         Harm     .   (gloves currently unavailable)
MR       +....     NoTele   +   (boots currently unavailable)
Stlth    +++.......             (no amulet)
HPRegen  0.20/turn              (no ring)
MPRegen  0.17/turn              (no ring)

@: spider-form, corroded
A: tiny, distributed training, repulsion field 1, blink, clumsy 1, high mp 1,
magic resistance 1, strong nose
a: End Transformation, Blink, Renounce Religion


You were in the Dungeon.
You worshipped Vehumet.
Vehumet was noncommittal.
You were not hungry.
You were a venomous arachnid creature.
You visited 1 branch You collected 21 gold pieces.

Inventory:

Missiles
 a - 11 arrows
Armour
 b - a +0 robe (melded)
 l - a +2 cloak (melded)
Wands
 g - a wand of random effects (16)
Scrolls
 j - a scroll of blinking
 m - 2 scrolls of immolation {unknown}
 p - a scroll of holy word {unknown}
 q - a scroll of enchant weapon {unknown}
Potions
 c - 2 potions of mutation
 e - 2 potions of curing
 h - 2 potions of magic
 i - a potion of might
 k - a potion of lignification
 o - 2 potions of flight
 r - a potion of agility
Comestibles
 d - 3 rations
 n - 7 chunks of flesh


   Skills:
 + Level 6.6 Fighting
 + Level 6.0 Short Blades
 + Level 6.0 Long Blades
 + Level 6.0 Axes
 + Level 6.0 Maces & Flails
 + Level 6.0 Polearms
 + Level 6.0 Staves
 + Level 6.0 Slings
 + Level 6.0 Bows
 + Level 6.0 Crossbows
 + Level 6.0 Throwing
 + Level 6.0 Armour
 + Level 7.7 Dodging
 + Level 6.0 Stealth
 + Level 6.0 Shields
 + Level 9.0 Unarmed Combat
 + Level 7.9 Spellcasting
 + Level 5.0 Conjurations
 + Level 5.0 Hexes
 + Level 5.0 Charms
 + Level 5.0 Summonings
 + Level 5.0 Necromancy
 + Level 5.0 Translocations
 + Level 6.3 Transmutations
 + Level 5.0 Fire Magic
 + Level 5.0 Ice Magic
 + Level 5.0 Air Magic
 + Level 5.0 Earth Magic
 + Level 5.0 Poison Magic
 + Level 6.6 Invocations
 + Level 6.0 Evocations


You had 10 spell levels left.
You knew the following spells:

 Your Spells              Type           Power        Failure   Level  Hunger
a - Beastly Appendage     Tmut           ####..       4%          1    None
b - Spider Form           Tmut/Pois      ###.......   11%         3    ##.....
c - Sticks to Snakes      Tmut           ####....     6%          2    None
d - Mephitic Cloud        Conj/Pois/Air  ###.....     13%         3    ##.....
e - Blink                 Tloc           N/A          9%          2    None
f - Animate Skeleton      Necr           N/A          6%          1    None

Your spell library contained the following spells:

 Spells                   Type           Power        Failure   Level  Hunger
 Apportation              Tloc           ###...       6%          1    None
 Confusing Touch          Hex            ###...       6%          1    None
 Magic Dart               Conj           ###.         6%          1    None
 Summon Small Mammal      Summ           ###.         6%          1    None
 Call Imp                 Summ           ###.....     9%          2    None
 Slow                     Hex            ###.....     9%          2    None
 Conjure Flame            Conj/Fire      ###.....     13%         3    ##.....
 Ice Form                 Ice/Tmut       ###.....     26%         4    ####...
 Blade Hands              Tmut           ####......   43%         5    #####..


Dungeon Overview and Level Annotations

Branches:
Dungeon (1/1)

Altars:
Dithmenos
Elyvilon
Kikubaaqudgha
Okawaru
Ru
Sif Muna
Trog
Uskayaw
Vehumet
Wu Jian
Yredelemnul
Zin
The Shining One
Beogh


Innate Abilities, Weirdness & Mutations

Your experience applies equally to all skills.
((You have very sharp teeth.))
Your uncanny sense of smell can sniff out nearby items.
You are surrounded by a mild repulsion field. (EV +2)
You can translocate small distances at will.
You are clumsy. (Dex -2)
You have an increased reservoir of magic. (+10% MP)
You are resistant to hostile enchantments. (MR+)


Message History

Deactivating autopickup; reactivate with Ctrl-A.
The shadow strikes at you from the darkness!
Reactivating autopickup.
The jelly misses you.
You hit the jelly.
The jelly is poisoned.
Your front legs burn!
The jelly is lightly wounded.
The jelly completely misses you. The shadow hits you.
Your deep elf mage skeleton hits the shadow.
The jelly hits you. The acid corrodes you!
You are splashed with acid!
* * * LOW HITPOINT WARNING * * *
The shadow slips into darkness.
The shadow flickers and vanishes!
Deactivating autopickup; reactivate with Ctrl-A.
You see here a ration.
You feel much better. The jelly closely misses you.
Unknown command.
You hit the jelly but do no damage.
Your front legs burn!
The jelly is moderately wounded.
The shadow strikes at you from the darkness!
You die...

♣♣ ..#)..#__.#._# ∆
.♣♣♣♣.###'#'###'##∆
♣.♣♣..#.......Z..#∆
≈♣♣...+.⌠..Z.Z.ZZ#∆
∆
≈≈≈♣♣.#...######'#∆
∆ ≈≈....#.⌠.# #.Z.#
≈.....#...#∆ #.Z.#
......#Z### #.Z.#
......#Z..# #.Js+
......#___# +...#
▓▓▓▓▓▓▓▓▓▓▓ ▓▓▓▓▓


You could see a jelly, a friendly kobold demonologist skeleton, a friendly deep
elf mage skeleton, 2 friendly human skeletons and a friendly wizard skeleton.

Vanquished Creatures
  A deep elf mage (D)
  A necrophage (D)
  A water elemental (D)
  Crazy Yiuf (D)
  A wizard (D)
  A necromancer (D)
  3 humans (D)
  A kobold demonologist (D)
  2 oozes (D)
  2 rats (D)
14 creatures vanquished.

Vanquished Creatures (others)
  2 draconian scorchers (D)
  2 yaktaurs (D)
  6 hellions (D)
10 creatures vanquished.

Grand Total: 24 creatures vanquished

Notes
Turn   | Place    | Note
-------+----------+-------------------------------------------
     0 | D        | nuthulu the Gnoll Transmuter began the quest for the Orb.
     0 | D        | Reached XP level 1. HP: 17/17 MP: 6/6
     6 | D        | Reached skill level 5 in Spellcasting
     6 | D        | Reached skill level 1 in Invocations
    12 | D        | Reached skill level 1 in Short Blades
    12 | D        | Reached skill level 1 in Long Blades
    12 | D        | Reached skill level 1 in Axes
    12 | D        | Reached skill level 1 in Maces & Flails
    12 | D        | Reached skill level 1 in Polearms
    12 | D        | Reached skill level 1 in Staves
    12 | D        | Reached skill level 1 in Slings
    12 | D        | Reached skill level 1 in Bows
    12 | D        | Reached skill level 1 in Crossbows
    12 | D        | Reached skill level 1 in Throwing
    12 | D        | Reached skill level 1 in Armour
    12 | D        | Reached skill level 1 in Stealth
    12 | D        | Reached skill level 1 in Shields
    12 | D        | Reached skill level 1 in Evocations
    12 | D        | Reached XP level 2. HP: 18/23 MP: 5/8
    83 | D        | Reached skill level 1 in Conjurations
    83 | D        | Reached skill level 1 in Hexes
    83 | D        | Reached skill level 1 in Charms
    83 | D        | Reached skill level 1 in Summonings
    83 | D        | Reached skill level 1 in Necromancy
    83 | D        | Reached skill level 1 in Translocations
    83 | D        | Reached skill level 1 in Fire Magic
    83 | D        | Reached skill level 1 in Ice Magic
    83 | D        | Reached skill level 1 in Air Magic
    83 | D        | Reached skill level 1 in Earth Magic
    83 | D        | Reached skill level 1 in Poison Magic
   101 | D        | Killed a yaktaur
   105 | D        | Killed a hellion
   120 | D        | Killed a hellion
   120 | D        | Killed a hellion
   121 | D        | Killed a hellion
   130 | D        | Reached XP level 3. HP: 19/29 MP: 7/9
   136 | D        | Killed a yaktaur
   163 | D        | Killed a hellion
   166 | D        | Killed a hellion
   203 | D        | Learned a level 3 spell: Spider Form
   208 | D        | Killed a white draconian scorcher
   213 | D        | Killed a white draconian scorcher
   298 | D        | Learned a level 2 spell: Sticks to Snakes
   301 | D        | Noticed Crazy Yiuf
   315 | D        | Killed Crazy Yiuf
   315 | D        | Reached skill level 5 in Dodging
   386 | D        | Gained mutation: You are somewhat resistant to further
                  | mutation. [potion of mutation]
   387 | D        | Lost mutation: You are somewhat resistant to further
                  | mutation. [potion of mutation]
   387 | D        | Gained mutation: Your body sometimes deteriorates upon
                  | taking damage. [potion of mutation]
   387 | D        | Gained mutation: You have an increased reservoir of magic.
                  | (+10% MP) [potion of mutation]
   388 | D        | Lost mutation: Your body sometimes deteriorates upon taking
                  | damage. [potion of mutation]
   388 | D        | Gained mutation: You are resistant to hostile enchantments.
                  | (MR+) [potion of mutation]
   388 | D        | Gained mutation: You are clumsy. (Dex -2) [potion of
                  | mutation]
   388 | D        | Gained mutation: You can translocate small distances at
                  | will. [potion of mutation]
   388 | D        | Gained mutation: You are surrounded by a mild repulsion
                  | field. (EV +2) [potion of mutation]
   408 | D        | Noticed a water elemental
   431 | D        | Killed a water elemental
   431 | D        | Reached skill level 7 in Unarmed Combat
   431 | D        | Reached XP level 4. HP: 29/37 MP: 10/13
   518 | D        | Found a basalt altar of Yredelemnul.
   518 | D        | Found a shadowy altar of Dithmenos.
   518 | D        | Found a sacrificial altar of Ru.
   518 | D        | Noticed a necrophage
   523 | D        | Reached XP level 5. HP: 37/42 MP: 10/14
   526 | D        | Killed a necrophage
   526 | D        | Reached skill level 5 in Transmutations
   560 | D        | Found a hide-covered altar of Uskayaw.
   560 | D        | Found a roughly hewn altar of Beogh.
   560 | D        | Found an iron altar of Okawaru.
   560 | D        | Found a bloodstained altar of Trog.
   560 | D        | Found an ornate altar of the Wu Jian Council.
   560 | D        | Noticed a human
   561 | D        | Noticed a human
   564 | D        | Killed a human
   564 | D        | Reached skill level 5 in Fighting
   564 | D        | Reached skill level 8 in Unarmed Combat
   564 | D        | Reached skill level 5 in Invocations
   564 | D        | Reached XP level 6. HP: 51/51 MP: 13/17
   571 | D        | Killed a human
   571 | D        | Reached skill level 5 in Short Blades
   571 | D        | Reached skill level 5 in Long Blades
   571 | D        | Reached skill level 5 in Axes
   571 | D        | Reached skill level 5 in Maces & Flails
   571 | D        | Reached skill level 5 in Polearms
   571 | D        | Reached skill level 5 in Staves
   571 | D        | Reached skill level 5 in Slings
   571 | D        | Reached skill level 5 in Bows
   571 | D        | Reached skill level 5 in Crossbows
   571 | D        | Reached skill level 5 in Throwing
   571 | D        | Reached skill level 5 in Armour
   571 | D        | Reached skill level 5 in Stealth
   571 | D        | Reached skill level 5 in Shields
   571 | D        | Reached skill level 5 in Evocations
   571 | D        | Reached XP level 7. HP: 57/57 MP: 15/19
   612 | D        | Found a glowing silver altar of Zin.
   612 | D        | Found a glowing golden altar of the Shining One.
   612 | D        | Found a white marble altar of Elyvilon.
   614 | D        | Noticed a deep elf mage
   621 | D        | Killed a deep elf mage
   621 | D        | Reached skill level 9 in Unarmed Combat
   621 | D        | Reached XP level 8. HP: 64/65 MP: 17/21
   644 | D        | Found a radiant altar of Vehumet.
   644 | D        | Found a deep blue altar of Sif Muna.
   644 | D        | Found an ancient bone altar of Kikubaaqudgha.
   646 | D        | Reached skill level 5 in Conjurations
   646 | D        | Reached skill level 5 in Hexes
   646 | D        | Reached skill level 5 in Charms
   646 | D        | Reached skill level 5 in Summonings
   646 | D        | Reached skill level 5 in Necromancy
   646 | D        | Reached skill level 5 in Translocations
   646 | D        | Reached skill level 5 in Fire Magic
   646 | D        | Reached skill level 5 in Ice Magic
   646 | D        | Reached skill level 5 in Air Magic
   646 | D        | Reached skill level 5 in Earth Magic
   646 | D        | Reached skill level 5 in Poison Magic
   651 | D        | Noticed a red devil
   680 | D        | Learned a level 3 spell: Mephitic Cloud
   683 | D        | Learned a level 2 spell: Blink
   685 | D        | Learned a level 1 spell: Animate Skeleton
   731 | D        | Became a worshipper of Vehumet
   744 | D        | Noticed a shadow
   755 | D        | Slain by a shadow

Skill      XL: |  1  2  3  4  5  6  7  8 |
---------------+-------------------------+-----
Spellcasting   | 5 6 7 |  7.9
Invocations    | 1 2 3 5 6 |  6.6
Short Blades   | 1 3 4 5 6 |  6.0
Long Blades    | 1 3 4 5 6 |  6.0
Axes           | 1 3 4 5 6 |  6.0
Maces & Flails | 1 3 4 5 6 |  6.0
Polearms       | 1 3 4 5 6 |  6.0
Staves         | 1 3 4 5 6 |  6.0
Slings         | 1 3 4 5 6 |  6.0
Bows           | 1 3 4 5 6 |  6.0
Crossbows      | 1 3 4 5 6 |  6.0
Throwing       | 1 3 4 5 6 |  6.0
Armour         | 1 3 4 5 6 |  6.0
Stealth        | 1 3 4 5 6 |  6.0
Shields        | 1 3 4 5 6 |  6.0
Evocations     | 1 3 4 5 6 |  6.0
Conjurations   | 1 2 3 4 5 |  5.0
Hexes          | 1 2 3 4 5 |  5.0
Charms         | 1 2 3 4 5 |  5.0
Summonings     | 1 2 3 4 5 |  5.0
Necromancy     | 1 2 3 4 5 |  5.0
Translocations | 1 2 3 4 5 |  5.0
Fire Magic     | 1 2 3 4 5 |  5.0
Ice Magic      | 1 2 3 4 5 |  5.0
Air Magic      | 1 2 3 4 5 |  5.0
Earth Magic    | 1 2 3 4 5 |  5.0
Poison Magic   | 1 2 3 4 5 |  5.0
Fighting       | 3 4 5 6 |  6.6
Transmutations | 4 5 6 |  6.3
Dodging        | 5 6 7 |  7.7
Unarmed Combat | 7 8 9 |  9.0

Action                   |  1- 3 |  4- 6 |  7- 9 || total
-------------------------+-------+-------+-------++-------
Melee: Unarmed           |    33 |    15 |    14 ||    62
       Kick              |     2 |       |       ||     2
       Bite              |     1 |       |       ||     1
 Cast: Beastly Appendage |     3 |       |       ||     3
       Spider Form       |     2 |     2 |     3 ||     7
       Sticks to Snakes  |     1 |       |       ||     1
       Animate Skeleton  |       |       |     5 ||     5
  Use: Potion            |     5 |       |     1 ||     6
       Scroll            |     3 |       |       ||     3
 Stab: Sleeping          |     1 |       |     1 ||     2
Armor: Robe              |     1 |       |       ||     1
Dodge: Dodged            |    17 |    13 |     9 ||    39
